[Event "FIDE World Chess Grand Prix 2017"]
[Site "Sharjah"]
[Date "2017.02.27"]
[Round "9"]
[White "Eljanov, Pavel"]
[Black "Salem, A R  Saleh"]
[Result "1-0"]
[ECO "B51"]
[WhiteElo "2759"]
[BlackElo "2656"]
[Annotator ""]
[PlyCount "75"]
[EventDate "2017.??.??"]
[EventType "swiss"]
[EventCountry "UAE"]
[SourceTitle "playchess.com"]
[Source "ChessBase"]
[SourceQuality "1"]
[TimeControl "40/6000+30:20/3000+30:900+30"]

1. e4 {(0)} c5 {(7)} 2. Nf3 {(0)} d6 {(
00:05)} 3. Bb5+ {(0)} Nd7 {(8)} 4. c3 {(13)}
Ngf6 {(58)} 5. Bd3 {(7)} e6 {(21:59)} 6. Bc2 {
(1:59)} b5 {(5:06)} 7. d4 {(2:38)} Bb7 {(21)}
8. Nbd2 {(11)} Be7 {(1:24)} 9. O-O {(47)} cxd4 {
(2:32)} 10. cxd4 {(5)} O-O {(6)} 11. Re1 {
(1:53)} Rc8 {(26:03)} 12. Nf1 {(1:57)} e5 {(8:
35)} 13. Ng3 {(5:11)} g6 {(12:48)} 14. Bb3 {(14:07)} exd4
{(1:41)} 15. Bh6 {(1:09)} Re8 {(20)} 16. Ng5 {
(4:52)} Ne5 {(2:47)} 17. a4 {(11:12)} d5 {(4:26]
} 18. exd5 {(2:10)} Bb4 {(4:16)} 19. Rxe5 {(32:06)} Rxe5
{(10)} 20. Qxd4 {(4)} Bd6 {(1:02)} 21. Nf3 {
(2:28)} Qb6 {(9:35)} 22. Qh4 {(6:24)} Nxd5 {(2:
57)} 23. Nxe5 {(13:16)} Bxe5 {(1)} 24. Qe4 {(1:10)}
Qe6 {(4:29)} 25. axb5 {(1:21)} Bxb2 {(33)} 26. Qxe6 {
(8)} fxe6 {(1)} 27. Rxa7 {(55)} Rc3 {(
00:56)} 28. Rxb7 {(2:27)} Rxb3 {(1)} 29. Ne4 {(1:01)
} Bd4 {(58)} 30. g3 {(1:38)} Rb2 {(1)} 31. Kh1 {
(46)} Rb1+ {(1:00)} 32. Kg2 {(5)} Rb2 {(
04)} 33. Ng5 {(1:43)} Rxf2+ {(50)} 34. Kh3 {(4)}
Be5 {(32)} 35. Ra7 {(19)} Nb6 {(36)} 36. Re7 {
(27)} Bd6 {(4)} 37. Re8+ {(14)} Bf8 {(
02)} 38. Nxe6 {(11)} 1-0

[Event "FIDE World Chess Grand Prix 2017"]
[Site "Sharjah"]
[Date "2017.02.27"]
[Round "9"]
[White "Jakovenko, Dmitry"]
[Black "Nepomniachtchi, Ian"]
[Result "1/2-1/2"]
[ECO "A04"]
[WhiteElo "2709"]
[BlackElo "2749"]
[Annotator ""]
[PlyCount "56"]
[EventDate "2017.??.??"]
[EventType "swiss"]
[EventCountry "UAE"]
[SourceTitle "playchess.com"]
[Source "ChessBase"]
[SourceQuality "1"]
[TimeControl "40/6000+30:20/3000+30:900+30"]

1. Nf3 {(0)} c5 {(23)} 2. c4 {(0)} Nf6 {
(8)} 3. g3 {(0)} d5 {(1:02)} 4. cxd5 {(
00)} Nxd5 {(7)} 5. Bg2 {(43)} Nc6 {(1:48)} 6. d4 {
(1:20)} cxd4 {(2:37)} 7. Nxd4 {(16)} Ndb4 {(
00:07)} 8. Nxc6 {(6)} Qxd1+ {(13)} 9. Kxd1 {(2]
} Nxc6 {(12)} 10. Nc3 {(1:00)} Bd7 {(1:50)} 11. Be3 {
(1:12)} g6 {(40)} 12. Rc1 {(2:53)} Bg7 {(
14)} 13. Ke1 {(7)} O-O {(5:35)} 14. f4 {(9:11)} e5 {
(3:29)} 15. Kf2 {(9:50)} exf4 {(3:25)} 16. gxf4 {
(17)} Be6 {(5)} 17. Rhd1 {(1:34)} Rfd8 {(
00:39)} 18. Rxd8+ {(9:36)} Rxd8 {(27)} 19. Bxc6 {(1:
26)} bxc6 {(8)} 20. b3 {(3)} Bf6 {(4:14)} 21. Ne4
{(3:05)} Bh4+ {(9)} 22. Ng3 {(8)} Bd5 {(
01:00)} 23. Rc5 {(5:06)} a6 {(2:46)} 24. Ra5 {(1:52)}
Ra8 {(6)} 25. f5 {(5:32)} gxf5 {(2:14)} 26. Ra4 {
(1:36)} Be4 {(1:26)} 27. Kg1 {(1:10)} Bxg3 {(
07)} 28. hxg3 {(2)} Kg7 {(25)} 1/2-1/2

[Event "FIDE World Chess Grand Prix 2017"]
[Site "Sharjah"]
[Date "2017.02.27"]
[Round "9"]
[White "Mamedyarov, Shakhriyar"]
[Black "Hou, Yifan"]
[Result "1-0"]
[ECO "E20"]
[WhiteElo "2766"]
[BlackElo "2651"]
[Annotator ""]
[PlyCount "63"]
[EventDate "2017.??.??"]
[EventType "swiss"]
[EventCountry "UAE"]
[SourceTitle "playchess.com"]
[Source "ChessBase"]
[SourceQuality "1"]
[TimeControl "40/6000+30:20/3000+30:900+30"]

1. d4 {(0)} Nf6 {(9)} 2. c4 {(0)} e6 {(
00:04)} 3. Nc3 {(0)} Bb4 {(5)} 4. f3 {(0)} c5
{(4:30)} 5. d5 {(0)} O-O {(7)} 6. e4 {(
06)} b5 {(4)} 7. e5 {(15)} Ne8 {(7)} 8. f4 {
(9)} d6 {(2:45)} 9. Nf3 {(8)} exd5 {(
05)} 10. cxd5 {(5)} Nc7 {(3:19)} 11. a4 {(11)} Bb7
{(26:32)} 12. Bd3 {(10)} h6 {(5)} 13. O-O {(
16:38)} Bxc3 {(12:09)} 14. bxc3 {(18)} dxe5 {(10)}
15. axb5 {(1:51)} e4 {(9:15)} 16. Bxe4 {(8)} Bxd5 {
(1:33)} 17. Bb1 {(3:43)} Nd7 {(5:27)} 18. c4 {(
02:49)} Bb7 {(4:12)} 19. Ra3 {(14:10)} Ne6 {(9:12)} 20.
Qc2 {(21:15)} Nf6 {(2:33)} 21. Bb2 {(8)} Ne4 {
(1:42)} 22. Rd3 {(2:03)} Qc7 {(8:27)} 23. f5 {(
04:54)} Nd4 {(4:52)} 24. Nxd4 {(1:13)} cxd4 {(4)}
25. Bxd4 {(40)} a6 {(2:56)} 26. b6 {(4:01)} Qc6 {
(6)} 27. f6 {(3:31)} Rfd8 {(2:38)} 28. fxg7 {
(38)} Rd6 {(5)} 29. c5 {(1:34)} Rg6 {(
16)} 30. Ba2 {(21)} Ng5 {(1:29)} 31. Rg3 {(42)}
Nh3+ {(20)} 32. Kh1 {(6)} 1-0

[Event "FIDE World Chess Grand Prix 2017"]
[Site "Sharjah"]
[Date "2017.02.27"]
[Round "9"]
[White "Nakamura, Hikaru"]
[Black "Adams, Michael"]
[Result "1/2-1/2"]
[ECO "A06"]
[WhiteElo "2785"]
[BlackElo "2751"]
[Annotator ""]
[PlyCount "111"]
[EventDate "2017.??.??"]
[EventType "swiss"]
[EventCountry "UAE"]
[SourceTitle "playchess.com"]
[Source "ChessBase"]
[SourceQuality "1"]
[TimeControl "40/6000+30:20/3000+30:900+30"]

1. Nf3 {(0)} d5 {(6)} 2. g3 {(0)} Bg4 {
(48)} 3. Bg2 {(0)} c6 {(5)} 4. c4 {(
16)} e6 {(31)} 5. O-O {(34)} Nf6 {(13)} 6. d3 {
(42)} Be7 {(27)} 7. cxd5 {(2:30)} Bxf3 {(3:
17)} 8. Bxf3 {(27)} cxd5 {(6)} 9. b3 {(12:42)} Nc6
{(1:05)} 10. Bb2 {(5)} O-O {(37)} 11. e3 {(
00:22)} Rc8 {(4:12)} 12. a3 {(8:46)} Ne8 {(17:55)} 13.
d4 {(4:23)} Nd6 {(55)} 14. Qd3 {(13)} Na5 {(
04:51)} 15. Nd2 {(3:54)} f5 {(10:35)} 16. Rfc1 {(5:30)}
Qb6 {(2:57)} 17. Bd1 {(47)} Ne4 {(3:00)} 18. Nf3 {
(30)} Bf6 {(1:43)} 19. a4 {(8:56)} Rc6 {(5:
36)} 20. Rxc6 {(3:51)} Nxc6 {(1:03)} 21. Qb5 {(48)}
Qc7 {(9:25)} 22. Rc1 {(3:47)} a6 {(8)} 23. Qe2 {
(48)} Qb6 {(5:59)} 24. Ne1 {(54)} Nb4 {(1:
20)} 25. f3 {(1:25)} Nd6 {(3:28)} 26. Ba3 {(1:21)} Be7
{(5:43)} 27. Qd2 {(14:47)} Nc8 {(2:22)} 28. Be2 {
(8:28)} Na7 {(1:40)} 29. Nc2 {(4:03)} Rc8 {(8:
08)} 30. Kf2 {(1:30)} a5 {(3:17)} 31. Ne1 {(3:55)} Nd3+
{(2:30)} 32. Nxd3 {(46)} Bxa3 {(4)} 33. Rxc8+ {
(2:11)} Nxc8 {(2)} 34. Qc2 {(1:09)} Ne7 {(6:
44)} 35. Nf4 {(1:15)} Kf7 {(31)} 36. Bb5 {(20)} Bd6
{(43)} 37. Nd3 {(5)} Qd8 {(44)} 38. Ke2 {
(2:46)} b6 {(2:05)} 39. h3 {(1:17)} Qc8 {(1:41)
} 40. Qxc8 {(0)} Nxc8 {(1)} 41. g4 {(1:56)} g6 {
(10:09)} 42. Ba6 {(2:24)} Ne7 {(19)} 43. Bb7 {(
00:03)} Kf6 {(4:46)} 44. e4 {(23:12)} fxe4 {(1:21)} 45.
fxe4 {(2:22)} dxe4 {(1:47)} 46. Nf2 {(15)} Nd5 {
(2:08)} 47. Nxe4+ {(1:23)} Ke7 {(1)} 48. Bxd5 {
(44)} exd5 {(5)} 49. Nxd6 {(13)} Kxd6 {(
00:02)} 50. h4 {(8)} h6 {(34)} 51. Ke3 {(5)} g5
{(4)} 52. h5 {(15)} Kc6 {(6)} 53. Kd3 {(
00:03)} Kd6 {(46)} 54. Kc3 {(5)} Kc6 {(4)} 55.
b4 {(25)} Kd6 {(5)} 56. b5 {(4] Ke5} 1/2-1/2

[Event "FIDE World Chess Grand Prix 2017"]
[Site "Sharjah"]
[Date "2017.02.27"]
[Round "9"]
[White "Rapport, Richard"]
[Black "Li, Chao b"]
[Result "1/2-1/2"]
[ECO "A16"]
[WhiteElo "2692"]
[BlackElo "2720"]
[Annotator ""]
[PlyCount "51"]
[EventDate "2017.??.??"]
[EventType "swiss"]
[EventCountry "UAE"]
[SourceTitle "playchess.com"]
[Source "ChessBase"]
[SourceQuality "1"]
[TimeControl "40/6000+30:20/3000+30:900+30"]

1. c4 {(0)} Nf6 {(35)} 2. Nc3 {(0)} d5 {
(13)} 3. cxd5 {(17)} Nxd5 {(7)} 4. e4 {(
02:16)} Nxc3 {(14)} 5. bxc3 {(2)} g6 {(1:22)} 6.
h4 {(1:12)} Bg7 {(3:33)} 7. h5 {(29)} c5 {(
41)} 8. Bb5+ {(12:08)} Bd7 {(2:46)} 9. a4 {(47)} Nc6 {
(1:42)} 10. Nf3 {(1:35)} Qc7 {(10:27)} 11. Qe2 {(
04:29)} Ne5 {(15:41)} 12. Nxe5 {(13:24)} Bxe5 {(16)}
13. Bb2 {(7)} a6 {(7:21)} 14. Bc4 {(19:58)} Rc8 {
(2:58)} 15. Qf3 {(3:25)} e6 {(1:51)} 16. a5 {(
01:51)} g5 {(10:25)} 17. h6 {(38)} Rg8 {(3:49)} 18. g3
{(2:31)} Rg6 {(5:50)} 19. Qe3 {(2:15)} Bd6 {(3:
11)} 20. Be2 {(2:10)} c4 {(1:19)} 21. Bh5 {(2:56)} Rg8
{(55)} 22. O-O {(1:09)} e5 {(14:32)} 23. d4 {(
14:24)} cxd3 {(1:15)} 24. Qxd3 {(19)} Be6 {(59)}
25. Rfd1 {(1:10)} Ke7 {(21)} 26. g4 {(37)} 1/2-1/2

[Event "FIDE World Chess Grand Prix 2017"]
[Site "Sharjah"]
[Date "2017.02.27"]
[Round "9"]
[White "Riazantsev, Alexander"]
[Black "Hammer, Jon Ludvig"]
[Result "1/2-1/2"]
[ECO "D45"]
[WhiteElo "2671"]
[BlackElo "2628"]
[Annotator ""]
[PlyCount "85"]
[EventDate "2017.??.??"]
[EventType "swiss"]
[EventCountry "UAE"]
[SourceTitle "playchess.com"]
[Source "ChessBase"]
[SourceQuality "1"]
[TimeControl "40/6000+30:20/3000+30:900+30"]

1. d4 {(0)} Nf6 {(6)} 2. c4 {(0)} e6 {(
00:05)} 3. Nf3 {(0)} d5 {(7)} 4. Nc3 {(0)} c6
{(5)} 5. e3 {(1:34)} Nbd7 {(9)} 6. Qc2 {(
01:41)} Bd6 {(14)} 7. b3 {(9)} O-O {(1:18)} 8. Be2
{(2:05)} b6 {(26)} 9. O-O {(14)} Bb7 {(
08)} 10. Bb2 {(7)} Rc8 {(3:10)} 11. Rfd1 {(17:52)} c5
{(1:55)} 12. dxc5 {(17:27)} Nxc5 {(33)} 13. cxd5 {
(3:20)} Nce4 {(10)} 14. Qd3 {(4:57)} Nxc3 {(
04:16)} 15. Bxc3 {(7)} Nxd5 {(14)} 16. Bb2 {(1:28)
} Qe7 {(6:41)} 17. Qd4 {(4:32)} f5 {(4:07)} 18. Bc4 {
(3:45)} Rfd8 {(7:25)} 19. a4 {(6:49)} Bb4 {(14:
11)} 20. Qh4 {(1:57)} Qxh4 {(1:48)} 21. Nxh4 {(2)}
Kf7 {(28)} 22. Nf3 {(3:13)} Ke7 {(23:05)} 23. Rac1 {
(3:23)} Bc5 {(5:09)} 24. Ra1 {(18:29)} Bb4 {(15:
18)} 25. Rd3 {(1:30)} Nf6 {(22)} 26. Rxd8 {(5:29)}
Rxd8 {(6)} 27. Nd4 {(3)} Nd5 {(7:39)} 28. Nc2 {
(2:44)} Bc3 {(1:48)} 29. Ba3+ {(1)} Ke8 {(2:
58)} 30. Bb5+ {(2:51)} Kf7 {(6)} 31. Rd1 {(4)}
Bf6 {(31)} 32. Bc4 {(11)} g6 {(10:45)} 33. h3 {
(28)} Nc7 {(19)} 34. Rxd8 {(2:14)} Bxd8 {(
00:01)} 35. Bd6 {(9)} Nd5 {(1:11)} 36. Nd4 {(1:14)}
Bf6 {(49)} 37. Nb5 {(5:06)} a5 {(45)} 38. Bc5 {
(1:52)} Be7 {(27)} 39. Bd4 {(1:09)} Bc6 {(
15)} 40. Na7 {(0)} Bb7 {(29)} 41. Nb5 {(5:07)} Bc6
{(2:42)} 42. Be5 {(10:08)} Bf6 {(35)} 43. Bb8 {
(17:43)} 1/2-1/2

[Event "FIDE World Chess Grand Prix 2017"]
[Site "Sharjah"]
[Date "2017.02.27"]
[Round "9"]
[White "Vachier-Lagrave, Maxime"]
[Black "Grischuk, Alexander"]
[Result "1/2-1/2"]
[ECO "C67"]
[WhiteElo "2796"]
[BlackElo "2742"]
[Annotator ""]
[PlyCount "46"]
[EventDate "2017.??.??"]
[EventType "swiss"]
[EventCountry "UAE"]
[SourceTitle "playchess.com"]
[Source "ChessBase"]
[SourceQuality "1"]
[TimeControl "40/6000+30:20/3000+30:900+30"]

1. e4 {(0)} e5 {(12)} 2. Nf3 {(0)} Nc6 {
(4)} 3. Bb5 {(0)} Nf6 {(6)} 4. O-O {(
00:06)} Nxe4 {(6)} 5. Re1 {(2:10)} Nd6 {(18)} 6.
Nxe5 {(4)} Be7 {(13)} 7. Bf1 {(9)} Nxe5 {
(18)} 8. Rxe5 {(4)} O-O {(8)} 9. d4 {(
00:59)} Bf6 {(21)} 10. Re1 {(20)} Re8 {(17)} 11.
Bf4 {(29)} Rxe1 {(35)} 12. Qxe1 {(3)} Ne8 {
(13)} 13. c3 {(4:54)} d5 {(43)} 14. Nd2 {(
00:07)} g6 {(6:20)} 15. Nf3 {(5:36)} Ng7 {(5:35)} 16.
Qe3 {(2:21)} c6 {(6:41)} 17. Re1 {(2:12)} Be6 {(
21:44)} 18. Ne5 {(5:34)} Qa5 {(8:04)} 19. a3 {(4:23)}
Re8 {(1:34)} 20. Nd3 {(4:42)} Qd8 {(3:03)} 21. Qd2 {
(2:10)} Bf5 {(6:20)} 22. Rxe8+ {(1:15)} Qxe8 {(
00:14)} 23. Qe3 {(1:11)} Qxe3 {(47)} 1/2-1/2

[Event "FIDE World Chess Grand Prix 2017"]
[Site "Sharjah"]
[Date "2017.02.27"]
[Round "9"]
[White "Vallejo Pons, Francisco"]
[Black "Tomashevsky, Evgeny"]
[Result "1/2-1/2"]
[ECO "E32"]
[WhiteElo "2709"]
[BlackElo "2711"]
[Annotator ""]
[PlyCount "43"]
[EventDate "2017.??.??"]
[EventType "swiss"]
[EventCountry "UAE"]
[SourceTitle "playchess.com"]
[Source "ChessBase"]
[SourceQuality "1"]
[TimeControl "40/6000+30:20/3000+30:900+30"]

1. d4 {(10)} Nf6 {(8)} 2. c4 {(22)} e6 {(
00:08)} 3. Nc3 {(58)} Bb4 {(21)} 4. Qc2 {(13)}
O-O {(1:17)} 5. Bg5 {(2:52)} h6 {(18:00)} 6. Bh4 {
(16)} d6 {(13)} 7. e3 {(2:00)} Nbd7 {(1:05)
} 8. Bd3 {(6:45)} Bxc3+ {(9:43)} 9. Qxc3 {(1:31)} b6 {
(6)} 10. Ne2 {(13:29)} Bb7 {(1:28)} 11. O-O {(
01:26)} Be4 {(5:48)} 12. f3 {(14:08)} Bxd3 {(38)} 13.
Qxd3 {(4)} Re8 {(9:55)} 14. e4 {(2:10)} Nf8 {
(1:03)} 15. Rad1 {(10:19)} Ng6 {(35)} 16. Bf2 {
(7)} c6 {(7:34)} 17. b4 {(4:42)} e5 {(6:32)}
18. dxe5 {(10:01)} dxe5 {(1:15)} 19. a4 {(26)} Qc7 {
(10:04)} 20. c5 {(2:24)} bxc5 {(3:08)} 21. Bxc5 {
(2:20)} a5 {(26)} 22. Rb1 {(12:25)} 1/2-1/2